 Dungeon Crawl Stone Soup version 0.23-a0-307-gc3b755d (webtiles) character file.

20 iamserjio the Conjurer (level 2, 0/15 HPs)
             Began as a Deep Elf Wanderer on Oct 10, 2018.
             Slain by a dart slug (1 damage)
             ... on level 1 of the Dungeon.
             The game lasted 00:02:11 (322 turns).

iamserjio the Conjurer (Deep Elf Wanderer)           Turns: 322, Time: 00:02:12

Health: 0/15       AC:  2    Str:  8 (11) XL:     2   Next: 58%
Magic:  0/7        EV: 11    Int: 13 (15) God:
Gold:   15         SH:  0    Dex: 10 (13) Spells: 4/5 levels left

rFire    . . .     SeeInvis .   e - +0 dagger
rCold    . . .     Gourm    .   (no shield)
rNeg     . . .     Faith    .   d - +0 robe
rPois    .         Spirit   .   (no helmet)
rElec    .         Reflect  .   (no cloak)
rCorr    .         Harm     .   (no gloves)
MR       .....                  (no boots)
Stlth    +.........             (no amulet)
HPRegen  0.05/turn              (no ring)
MPRegen  0.10/turn              (no ring)

@: very slightly contaminated
A: no striking features
a: no special abilities


You were on level 1 of the Dungeon.
You were not hungry.

You visited 1 branch of the dungeon, and saw 1 of its levels.

You collected 15 gold pieces.

Inventory:

Hand Weapons
 e - a +0 dagger (weapon)
Armour
 d - a +0 robe (worn)
Scrolls
 a - a scroll of fog {unknown}
 b - a scroll of identify {unknown}
 c - a scroll of teleportation {unknown}
 i - a scroll of random uselessness {unknown}
 j - a scroll of enchant armour {unknown}
 k - a scroll of fear {unknown}
 l - a scroll of amnesia {unknown}
Comestibles
 f - 2 rations


   Skills:
 - Level 1.0 Throwing
 - Level 1.2 Stealth
 + Level 2.3 Spellcasting
 * Level 4.0 Conjurations
   Level 1.2 Necromancy
   Level 1.1 Translocations
   Level 2.1 Earth Magic


You had 4 spell levels left.
You knew the following spells:

 Your Spells              Type           Power        Failure   Level  Hunger
a - Magic Dart            Conj           ##..         4%          1    #......

Your spell library contained the following spells:

 Spells                   Type           Power        Failure   Level  Hunger
 Searing Ray              Conj           ##....       7%          2    ###....
 Sting                    Conj/Pois      #...         11%         1    #......
 Dazzling Spray           Conj/Hex       #.....       32%         3    ###....
 Static Discharge         Conj/Air       #.......     32%         3    ###....
 Iskenderun's Mystic Bla  Conj           ##......     41%         4    #####..
 Force Lance              Conj/Tloc      #.......     63%         4    #####..
 Fulminant Prism          Conj/Hex       #.........   71%         4    #####..


Dungeon Overview and Level Annotations

Branches:
Dungeon (1/15)

Altars:


Message History

You are very lightly contaminated with residual magic.
Your skin tingles.
Casting: Magic Dart (safe; 4% risk of failure)
Aiming: Magic Dart (safe; 4% risk of failure)
Aim: a dart slug (lightly wounded, clinging)
You miscast Magic Dart.
Nothing appears to happen.
The dart slug bites you but does no damage.
Casting: Magic Dart (safe; 4% risk of failure)
Aiming: Magic Dart (safe; 4% risk of failure)
Aim: a dart slug (lightly wounded, clinging)
The magic dart hits the dart slug.
The dart slug launches a dart at you. The slug dart hits you!
* * * LOW HITPOINT WARNING * * *
It was a potion of degeneration.
There was something very wrong with that liquid.
You feel weakened.
You feel dopey.
You feel clumsy.
You hit the dart slug but do no damage. The dart slug bites you.
You die...

#........#####......
#...................
#######.............
#.........#### ###
########### # #...#####
######
........###########.....
(.....w.................
#@#########.###### #.#
..............
#.#.#............#
#.#..#....#.....#.
#.#...#....#...#..
#.#....#..#.#.#...
#.#.....##...#....
#.#.....#.#...#...
#.#....#...#...#..


You could see a dart slug.

Vanquished Creatures
  3 dart slugs (D:1)
  A hobgoblin (D:1)
  4 jackals (D:1)
  2 kobolds (D:1)
  2 bats (D:1)
12 creatures vanquished.

Notes
Turn   | Place    | Note
-------+----------+-------------------------------------------
     0 | D:1      | iamserjio the Deep Elf Wanderer began the quest for the
                  | Orb.
     0 | D:1      | iamserjio set off with: a potion of lignification, a +0
                  | robe, a +0 dagger, a ration
     0 | D:1      | Reached XP level 1. HP: 10/10 MP: 5/5
     2 | D:1      | Learned a level 1 spell: Magic Dart
   188 | D:1      | Reached XP level 2. HP: 15/15 MP: 0/7
   242 | D:1      | Reached skill level 4 in Conjurations
   322 | D:1      | Slain by a dart slug

Vault maps used:
D:1:      matt_arrival_diagonals

Skill      XL: |  1  2 |
---------------+-------+-----
Spellcasting   | 2 |  2.3
Conjurations   | 4 |  4.0
Throwing       | |  1.0
Stealth        | |  1.2
Necromancy     | |  1.2
Translocations | |  1.1
Earth Magic    | |  2.1

Action                   || total
-------------------------++-------
Melee: Unarmed           ||    11
       Dagger            ||     7
 Cast: Magic Dart        ||    18
  Use: Potion            ||     2
Armor: Skin              ||     9
       Robe              ||     4
Dodge: Dodged            ||     9

Table legend:
 A = Non-vault XP
 B = Vault XP
 C = Vault XP percentage of total XP
 D = Non-vault monster count
 E = Vault monster count
 F = Vault count percentage of total count
                 A         B        C        D         E       F
            +---------+---------+-------+---------+---------+-------
      Total |      29 |       0 |   0.0 |      12 |       0 |   0.0
            +---------+---------+-------+---------+---------+-------
        D:1 |      29 |       0 |   0.0 |      12 |       0 |   0.0
            +---------+---------+-------+---------+---------+-------
